 Dungeon Crawl Stone Soup version 0.21.0-3-g78d12a8 (webtiles) character file.

5371 tidbits the Covert (level 10, -2/73 HPs)
             Began as an Octopode Abyssal Knight on Jan 9, 2018.
             Was an Elder of Lugonu.
             Slain by a two-headed ogre
             ... wielding a +0 giant spiked club
              (36 damage)
             ... on level 8 of the Dungeon.
             The game lasted 00:52:05 (4167 turns).

tidbits the Covert (Octopode Abyssal Knight)        Turns: 4167, Time: 00:52:06

Health: -2/73      AC:  1    Str: 13    XL:     10   Next: 66%
Magic:  11/15      EV: 15    Int: 17    God:    Lugonu [****..]
Gold:   250        SH: 11    Dex: 13    Spells: 7/9 levels left

rFire    . . .     SeeInvis .   a - +6 dagger (elec)
rCold    . . .     Gourm    .   D - +2 shield {reflect}
rNeg     + . .     Faith    .   (helmet restricted)
rPois    .         Spirit   .   m - amulet of regeneration
rElec    .         Reflect  +   Y - +5 ring of slaying
rCorr    +         Harm     .   K - ring of resist corrosion
MR       .....                  G - +2 ring of intelligence
Stlth    ++++++....             P - ring of positive energy
HPRegen  0.62/turn              (no ring)
MPRegen  0.14/turn              (no ring)
                                (no ring)
                                (no ring)

@: no status effects
A: almost no armour, stealthy swim, amphibious, 8 rings, constrict 8, camouflage
1, gelatinous body 1
a: Depart the Abyss, Bend Space, Banish, Corrupt, Renounce Religion


You were on level 8 of the Dungeon.
You worshipped Lugonu.
Lugonu was greatly pleased with you.
You were not hungry.

You visited 1 branch of the dungeon, and saw 11 of its levels.
You visited the Abyss 1 time.
You also visited: Labyrinth.

You collected 535 gold pieces.
You spent 285 gold pieces at shops.

Inventory:

Hand Weapons
 a - a +6 dagger of electrocution (weapon)
   (You found it on level 1 of the Dungeon)
 d - a +2 dagger of venom
   (You took it off a kobold on level 2 of the Dungeon)
 f - a +3 flail of protection
   (You took it off Edmund on level 5 of the Dungeon)
 k - a +0 hunting sling
 s - a +2 rapier of electrocution
   (You found it on level 3 of the Dungeon)
 x - a +0 club
 z - a +4 dagger of protection
   (You found it in a labyrinth)
 E - a +0 hunting sling
 I - a +1 dagger of freezing
   (You found it on level 5 of the Dungeon)
 L - the +7 falchion of Mutilation {slice, rC+ Int+2, unknown}
   (You found it on level 6 of the Dungeon)

   It inflicts extra damage upon your enemies.
   It affects your intelligence (+2).
   It protects you from cold.
 M - a +0 flail of holy wrath
   (You took it off a gnoll on level 7 of the Dungeon)
 X - the +5 battleaxe "Echell" {drain, rF+ Str+3 Dex+3, unknown}
   (You found it on level 10 of the Dungeon)

   A truly terrible weapon, it drains the life of those it strikes.
   It affects your strength (+3).
   It affects your dexterity (+3).
   It protects you from fire.
Missiles
 b - 107 stones
 n - a throwing net {!f}
 p - 30 arrows
 q - 2 needles of paralysis
 w - 2 javelins (quivered)
 y - 65 poisoned needles
 A - 81 bolts
 F - 3 tomahawks
Armour
 D - a +2 shield of reflection (worn)
   (You bought it in a shop on level 11 of the Dungeon)
 W - a +2 buckler
Jewellery
 m - an amulet of regeneration (around mantle)
   (You found it on level 2 of the Dungeon)
 G - a +2 ring of intelligence (on tentacle)
   (You found it in a labyrinth)
 K - a ring of resist corrosion (right tentacle)
   (You found it on level 5 of the Dungeon)
 P - a ring of positive energy (on tentacle)
   (You found it in a labyrinth)
 Y - a +5 ring of slaying (left tentacle)
   (You found it on level 1 of the Abyss)
Wands
 u - a wand of flame (10)
 Q - a wand of iceblast (9)
Scrolls
 i - a scroll of blinking {unknown}
 r - 3 scrolls of remove curse
 t - a scroll of amnesia {unknown}
 v - a scroll of teleportation
 B - a scroll of magic mapping
 H - a scroll of immolation
 U - a scroll of fog {unknown}
 Z - a scroll of silence
Potions
 e - a potion of degeneration {unknown}
 g - a potion of curing
 h - a potion of haste
 j - a potion of experience {unknown}
 l - a potion of magic
 o - a potion of berserk rage {unknown}
 C - 3 potions of brilliance
 N - a potion of might {unknown}
 V - a potion of flight
Books
 J - a book of Flames
   (You found it on level 4 of the Dungeon)

   Spells                             Type                      Level
   a - Flame Tongue                   Conjuration/Fire             1
   b - Throw Flame                    Conjuration/Fire             2
   c - Conjure Flame                  Conjuration/Fire             3
   d - Inner Flame                    Hexes/Fire                   3
   e - Sticky Flame                   Conjuration/Fire             4
   f - Fireball                       Conjuration/Fire             5
 O - a book of Conjurations
   (You found it on level 7 of the Dungeon)

   Spells                             Type                      Level
   a - Magic Dart                     Conjuration                  1
   b - Searing Ray                    Conjuration                  2
   c - Dazzling Spray                 Conjuration/Hexes            3
   d - Fulminant Prism                Conjuration/Hexes            4
   e - Force Lance                    Conjuration/Translocation    4
   f - Iskenderun's Mystic Blast      Conjuration                  4
 R - a Fen Folio
   (You found it in a labyrinth)

   Spells                             Type                      Level
   a - Corpse Rot                     Necromancy                   2
   b - Stone Arrow                    Conjuration/Earth            3
   c - Leda's Liquefaction            Hexes/Earth                  4
   d - Summon Forest                  Summoning/Translocation      5
   e - Hydra Form                     Transmutation                6
   f - Summon Hydra                   Summoning                    7
 S - a book of Maledictions
   (You found it in a labyrinth)

   Spells                             Type                      Level
   a - Corona                         Hexes                        1
   b - Ensorcelled Hibernation        Hexes/Ice                    2
   c - Confuse                        Hexes                        3
   d - Tukima's Dance                 Hexes                        3
   e - Dazzling Spray                 Conjuration/Hexes            3
 T - a book of Party Tricks
   (You found it in a labyrinth)

   Spells                             Type                      Level
   a - Summon Butterflies             Summoning                    1
   b - Apportation                    Translocation                1
   c - Lesser Beckoning               Translocation                3
   d - Tukima's Dance                 Hexes                        3
   e - Alistair's Intoxication        Transmutation/Poison         5
   f - Invisibility                   Hexes                        6
Comestibles
 c - 3 rations


   Skills:
 + Level 8.6 Fighting
 - Level 2.0 Short Blades
 - Level 6.6 Dodging
 - Level 11.3 Stealth
 + Level 5.3 Shields
 - Level 0.2 Spellcasting
 + Level 1.2 Summonings
 - Level 0.3 Translocations
 + Level 7.1 Invocations


You had 7 spell levels left.
You knew the following spells:

 Your Spells              Type           Power        Failure   Level  Hunger
P - Summon Butterflies    Summ           #.......     43%         1    ##.....
Z - Apportation           Tloc           #.....       56%         1    ##.....


Dungeon Overview and Level Annotations

Branches:
Dungeon (11/15)            Temple (0/1) D:5            Lair (0/6) D:8
    Orc: D:9-12

Altars:
Cheibriados
Ru
Trog
Yredelemnul

Shops:
D:4 (=((   D:11 [

Annotations:
D:3 exclusions: 2 orcs and orc priest, MDvedh's ghost, amateur MfMo
D:5 Dowan; Duvessa
D:6 exclusion: downstairs
D:7 exclusions: death knight, freezing wraith and skeletal warrior, Joseph
D:11 exclusion: centaur


Innate Abilities, Weirdness & Mutations

You cannot wear most types of armour.
You are very stealthy in the water. (Stealth+)
You are amphibious.
You can wear up to eight rings at the same time.
You can use your tentacles to constrict eight enemies at once.
Your skin changes colour to match your surroundings (Stealth+).
Your rubbery body absorbs attacks. (AC +1, EV +1)


Message History

You closely miss the crocodile. Your squeeze misses the crocodile.
The crocodile is heavily wounded.
You block the crocodile's attack.
You completely miss the crocodile.
The crocodile is heavily wounded.
The kobold throws a stone.
The stone hits you but does no damage. The crocodile misses you.
You hit the crocodile.
The crocodile is heavily wounded.
The kobold throws a stone.
The stone completely misses you. You block the crocodile's attack.
You hit the crocodile. Your squeeze misses the crocodile.
The crocodile is severely wounded.
The kobold throws a stone.
The stone barely misses you. The crocodile barely misses you.
A big kobold comes into view. It is wielding a short sword.
You puncture the crocodile!
Lightning courses through the crocodile!
You kill the crocodile!
Lugonu accepts your kill.
Your Invocations skill increases to level 7!
You puncture the crocodile!
The crocodile is moderately wounded.
The kobold throws a stone.
You reflect the stone off your +2 shield of reflection!
The stone barely misses the kobold.
You block the crocodile's attack.
The kobold throws a stone.
The stone hits you.
You hit the crocodile but do no damage. You squeeze the crocodile!
The crocodile is heavily wounded.
You block the crocodile's attack.
You completely miss the crocodile.
The crocodile is heavily wounded.
The crocodile bites you!!
A bullfrog comes into view.
The bullfrog croaks.
You puncture the crocodile!
Lightning courses through the crocodile!
You kill the crocodile!
Lugonu accepts your kill.
Your Summonings skill increases to level 1!
You see here a javelin.
Drop what? 52/52 slots (_ for help) (? for menu, Esc to quit)
You drop a scythe.
All of the chunks of flesh in your inventory have rotted away.
w - a javelin Unknown command.
You hit the kobold but do no damage. Your grab misses the kobold.
You block the kobold's attack.
Unknown command.
You hit the kobold.
You kill the kobold!
Lugonu accepts your kill. 3 kobolds and a two-headed ogre come into view.
You block the big kobold's attack.
Things that are here:
a club; 3 stones; a javelin
x - a club;
w - 2 javelins (gained 1)
The big kobold hits you with a short sword!
* * * LOW HITPOINT WARNING * * *
A kobold comes into view. It is wielding a whip.
Unknown command.
Unknown command.
The kobold shouts!
You hear a shout!
The big kobold throws a stone.
You reflect the stone off your +2 shield of reflection!
The stone hits the big kobold.
The kobold shouts!
You hear a shout!
You see here a scythe.
Unknown command.
The big kobold throws a stone.
You reflect the stone off your +2 shield of reflection!
The stone hits the big kobold but does no damage.
The big kobold throws a stone.
You reflect the stone off your +2 shield of reflection!
The stone hits the big kobold.
A centaur and a two-headed ogre come into view.
The centaur moves out of view.
You block the big kobold's attack.
You see here 3 stones.
Unknown command.
Unknown command.
The two-headed ogre shouts in stereo!
You puncture the big kobold!
Lightning courses through the big kobold!
You kill the big kobold!
Lugonu accepts your kill.
Unknown command.
Evoke which item? (* to show all) (? for menu, Esc to quit)
Okay, then.
Press: ? - help, Shift-Dir - straight line, f - two-headed ogre
Aim: a two-headed ogre, wielding a giant spiked club and a giant club (chance to defeat MR: 71%)
The two-headed ogre struggles to resist.
You feel somewhat more hungry. You block the two-headed ogre's attack.
The two-headed ogre hits you with a giant club.
* * * LOW HITPOINT WARNING * * *
Unknown command.
Press: ? - help, Shift-Dir - straight line, f/p - two-headed ogre
Aim: a two-headed ogre, wielding a giant spiked club and a giant club (chance to defeat MR: 71%)
You fail to use your ability.
The two-headed ogre hits you with a giant spiked club!!!
You die...

......##.####.##### ......
....<.##.# #.# #......
......##[####.######(......
.....[.).##..........#
......#.##..........##
.<....#.........KKK.#
......#........KFO..#
........#....###O##.[...
......##..#..# #@#######
.........##..###)#
#####..## #......# #..##
##.##(.# .... ...........#
## ............#
............#.#
...........##...
...........# ...


You could see 2 two-headed ogres, a bullfrog and 4 kobolds.

Vanquished Creatures
  A two-headed ogre (D:8)
  The ghost of eeldvark the Magician, a novice GnWn (D:5)
  2 trolls (D:10)
  Grinder (D:5)
  A hornet (D:10)
  A hippogriff (D:11)
  Sigmund (D:2)
  2 redbacks (Lab)
  2 yaks (D:8)
  A hungry ghost (D:7)
  Edmund (D:5)
  2 porcupines (D:8)
  An orc warrior (D:7)
  3 ogres
  A centaur (D:4)
  4 crocodiles (D:8)
  2 big kobolds
  4 bullfrogs
  5 scorpions
  3 crimson imps
  A bullfrog zombie (D:10)
  2 hounds (D:5)
  2 orc priests
  2 jellies
  5 orc wizards
  4 iguanas
  2 worker ants
  A hound zombie (D:8)
  A hound skeleton (D:4)
  9 adders
  8 gnolls
  3 shadow imps
  An ooze (D:3)
  4 worms (D:2)
  4 leopard geckos
  13 orcs
  3 ball pythons
  7 bats
  7 giant cockroaches
  5 goblins
  4 hobgoblins
  7 jackals
  4 quokkas
  5 frilled lizards
  7 kobolds
  A quokka skeleton (D:4)
  6 rats
157 creatures vanquished.

Vanquished Creatures (others)
  A bush (D:8)
  A fungus (D:8)
  3 plants (D:8)
5 creatures vanquished.

Grand Total: 162 creatures vanquished

Notes
Turn   | Place    | Note
-------+----------+-------------------------------------------
     0 | Abyss:1  | tidbits the Octopode Abyssal Knight began the quest for the Orb.
     0 | Abyss:1  | Reached XP level 1. HP: 16/16 MP: 2/2
    45 | Abyss:1  | Noticed a chaos spawn
    52 | D:1      | Escaped the Abyss
   105 | D:2      | Reached skill level 1 in Stealth
   177 | D:1      | Reached skill level 2 in Stealth
   188 | D:1      | Reached XP level 2. HP: 21/21 MP: 3/3
   231 | D:1      | Reached * piety under Lugonu
   268 | D:1      | Reached skill level 3 in Stealth
   518 | D:2      | Reached XP level 3. HP: 26/26 MP: 4/4
   531 | D:2      | Reached skill level 4 in Stealth
   681 | D:2      | Reached skill level 5 in Stealth
   694 | D:2      | Reached XP level 4. HP: 31/31 MP: 5/5
   958 | D:3      | Reached ** piety under Lugonu
  1015 | D:4      | Found Aquitsom's Jewellery Shop.
  1016 | D:4      | Found Futono's Weapon Shop.
  1034 | D:4      | Found Watweocao's Weapon Shop.
  1038 | D:4      | Found Waix's Weapon Shop.
  1136 | D:3      | Reached XP level 5. HP: 36/36 MP: 6/6
  1138 | D:3      | Reached skill level 6 in Stealth
  1140 | D:3      | HP: 3/36 [gnoll/halberd (15)]
  1309 | D:2      | Noticed Sigmund
  1313 | D:2      | Killed Sigmund
  1313 | D:2      | Reached skill level 4 in Fighting
  1313 | D:2      | Reached skill level 7 in Stealth
  1313 | D:2      | Reached XP level 6. HP: 44/44 MP: 7/7
  1489 | D:3      | Noticed MDvedh's ghost (amateur MfMo)
  1607 | D:5      | Entered Level 5 of the Dungeon
  1611 | D:5      | Found a sacrificial altar of Ru.
  1808 | D:5      | Noticed Grinder
  1808 | D:5      | Noticed Edmund
  1823 | D:5      | Killed Grinder
  1823 | D:5      | Reached skill level 5 in Fighting
  1823 | D:5      | Reached skill level 3 in Dodging
  1823 | D:5      | Reached skill level 8 in Stealth
  1823 | D:5      | Reached XP level 7. HP: 50/50 MP: 8/8
  1831 | D:5      | Killed Edmund
  1899 | D:5      | Noticed Duvessa
  1899 | D:5      | Noticed Dowan
  1970 | D:4      | Reached skill level 4 in Dodging
  1970 | D:4      | Reached XP level 8. HP: 57/57 MP: 9/9
  2108 | D:5      | Reached skill level 9 in Stealth
  2131 | D:5      | Found a staircase to the Ecumenical Temple.
  2198 | D:5      | Noticed eeldvark's ghost (novice GnWn)
  2275 | D:5      | Killed eeldvark's ghost
  2275 | D:5      | Reached skill level 3 in Shields
  2421 | D:4      | Found a basalt altar of Yredelemnul.
  2432 | D:4      | Reached *** piety under Lugonu
  2462 | D:6      | Reached skill level 6 in Fighting
  2462 | D:6      | Reached skill level 4 in Shields
  2491 | D:6      | Got a polished falchion
  2518 | D:6      | Reached skill level 3 in Invocations
  2528 | D:6      | Noticed a gargoyle
  2554 | D:5      | Reached XP level 9. HP: 44/63 MP: 11/11
  2607 | D:6      | Reached skill level 5 in Dodging
  2679 | D:7      | Noticed a freezing wraith
  2679 | D:7      | Noticed a skeletal warrior
  2679 | D:7      | Noticed a skeletal warrior
  2778 | D:7      | Reached skill level 10 in Stealth
  2783 | D:7      | Reached skill level 4 in Invocations
  2841 | D:7      | Noticed Joseph
  2988 | D:7      | Reached skill level 7 in Fighting
  3026 | D:7      | Noticed a death knight
  3173 | D:8      | Noticed a two-headed ogre
  3179 | D:8      | Killed a two-headed ogre
  3179 | D:8      | Reached **** piety under Lugonu
  3179 | D:8      | Reached skill level 6 in Dodging
  3179 | D:8      | Reached skill level 5 in Invocations
  3183 | D:8      | You fall through a shaft for 3 floors!
  3183 | D:11     | Noticed a two-headed ogre
  3212 | D:11     | Reached skill level 11 in Stealth
  3212 | D:11     | Reached XP level 10. HP: 35/71 MP: 6/14
  3256 | D:11     | Found a labyrinth entrance.
  3273 | Lab      | Entered a labyrinth
  3508 | Lab      | Noticed a minotaur
  3563 | D:11     | Learned a level 1 spell: Apportation
  3565 | D:11     | Learned a level 1 spell: Summon Butterflies
  3680 | D:11     | Found Guj Bacu's Antique Armour Emporium.
  3703 | D:11     | Bought a shiny shield for 285 gold pieces
  3728 | D:10     | Entered Level 10 of the Dungeon
  3732 | D:10     | Reached skill level 6 in Invocations
  3734 | D:10     | Got an iridescent battleaxe
  3769 | D:10     | Reached skill level 8 in Fighting
  3863 | D:10     | Found a bloodstained altar of Trog.
  3898 | D:9      | Noticed a two-headed ogre
  3961 | D:8      | Found a staircase to the Lair.
  3977 | D:8      | Reached skill level 5 in Shields
  4064 | D:8      | Found a snail-covered altar of Cheibriados.
  4149 | D:8      | Reached skill level 7 in Invocations
  4153 | D:8      | Reached skill level 1 in Summonings
  4159 | D:8      | Noticed a two-headed ogre
  4164 | D:8      | Noticed a two-headed ogre
  4167 | D:8      | Slain by a two-headed ogre

Skill      XL: |  1  2  3  4  5  6  7  8  9 10 |
---------------+-------------------------------+-----
Stealth        | 2 3 5 7 8 9 11 | 11.3
Fighting       | 4 5 6 7 8 |  8.6
Dodging        | 3 4 6 |  6.6
Shields        | 4 5 |  5.3
Invocations    | 3 5 7 |  7.1
Summonings     | 1 |  1.2
Short Blades   | |  2.0
Spellcasting   | |  0.2
Translocations | |  0.3

Action                   |  1- 3 |  4- 6 |  7- 9 | 10-12 || total
-------------------------+-------+-------+-------+-------++-------
Melee: Short sword       |    12 |       |       |       ||    12
       Constrict         |    10 |    12 |    21 |     7 ||    50
       Dagger            |    33 |    66 |   130 |    65 ||   294
       Tentacles         |     2 |     6 |    13 |    11 ||    32
Throw: Stone             |       |     3 |       |       ||     3
       Javelin           |       |       |    13 |       ||    13
Invok: Depart the Abyss  |     1 |       |       |       ||     1
       Bend Space        |       |       |     1 |       ||     1
       Banish            |       |       |     2 |     1 ||     3
Evoke: Wand              |       |       |     4 |     5 ||     9
  Use: Scroll            |       |     4 |     6 |     5 ||    15
       Potion            |       |     4 |     4 |     3 ||    11
 Stab: Sleeping          |    10 |    12 |    12 |     7 ||    41
       Distracted        |       |       |     1 |       ||     1
  Eat: Chunk             |       |     2 |     6 |     1 ||     9
       Ration            |       |       |       |     1 ||     1
Armor: Skin              |     4 |    10 |    12 |       ||    26
Dodge: Dodged            |    18 |    18 |    56 |    24 ||   116
Block: Buckler           |       |       |    12 |     3 ||    15
       Shield            |       |       |       |    31 ||    31
       Reflection        |       |       |       |     4 ||     4

Table legend:
 A = Turns spent in this place as a percentage of turns spent in the entire game.
 B = Non-inter-level travel turns spent in this place as a percentage of non-inter-level travel turns spent in the entire game.
 C = Inter-level travel turns spent in this place as a percentage of turns spent in this place.
 D = Turns resting spent in this place as a percentage of non-inter-level travel turns spent in this place.
 E = Turns spent auto-exploring this place as a percentage of non-inter-level travel turns spent in this place.
 F = Non-inter-level travel turns spent in this place divided by the number of levels of this place that you've seen.
                   A       B       C       D       E      F
               +-------+-------+-------+-------+-------+----------------------
         Total | 100.0 | 100.0 |   6.6 |   0.0 |   0.0 | 299.5
       Dungeon |  92.0 |  91.4 |   7.1 |   0.0 |   0.0 | 323.7
         Abyss |   1.2 |   1.3 |   0.0 |   0.0 |   0.0 |  52.0
     Labyrinth |   6.7 |   7.2 |   0.0 |   0.0 |   0.0 | 281.0
               +-------+-------+-------+-------+-------+----------------------

Table legend:
 A = Kills in this place as a percentage of kills in entire the game.
 B = Kills by you in this place as a percentage of kills by you in the entire game.
 C = Kills by friends in this place as a percentage of kills by friends in the entire game.
 D = Other kills in this place as a percentage of other kills in the entire game.
 E = Experience gained in this place as a percentage of experience gained in the entire game.
 F = Experience gained in this place divided by the number of levels of this place that you have seen.
                   A       B       C       D       E      F
               +-------+-------+-------+-------+-------+----------------------
         Total | 100.0 | 100.0 |   N/A |   N/A | 100.0 | 590.2
       Dungeon |  98.7 |  98.7 |   N/A |   N/A |  94.3 | 657.9
     Labyrinth |   1.3 |   1.3 |   N/A |   N/A |   5.7 | 436.0
               +-------+-------+-------+-------+-------+----------------------

Vault maps used:
D:1:      onia_arrival_mini_spirals
D:2:      minmay_tetromino_s2, uniq_sigmund
D:3:      cheibrodos_pilgrimage, dk_noncrumbling_3
D:4:      yredelemnul_altar_generic, first_ration, minmay_misc_feat_cross,
          minmay_shop_grid_forest
D:5:      minmay_temple_entry_glassed_door, nicolae_ru_awakened_eye,
          uniq_duvessa, uniq_grinder, uniq_edmund
D:6:      fedhas_altar_4
D:7:      uniq_joseph
D:8:      nicolae_overflow_hidden_temple, minmay_lair_entry_grove
D:9:      uniq_maurice
D:10:     special_room, bloody_trog
D:11:     serial_shops, shop_coins, lab_entry_generic, grunt_pizzeria,
          minmay_misc_feat_diagonals
Lab:      labyrinth_watery, nicolae_lab_swirl, lab_hedge,
          nicolae_lab_very_dead_end
